 Dungeon Crawl Stone Soup version 0.31.0-11-ge490571c62 (webtiles) character file.

Game seed: 11336145069997909692

79 qw the Shooter (level 4, -5/25 HPs)
             Began as a Deep Elf Hunter on Feb 4, 2024.
             Slain by Grinder (6 damage)
             ... on level 3 of the Dungeon.
             The game lasted 00:00:05 (1562 turns).

qw the Shooter (Deep Elf Hunter)                    Turns: 1562, Time: 00:00:06

Health: -5/25      AC:  5    Str: 10    XL:     4   Next: 16%
Magic:  6/6        EV: 11    Int: 14    God:
Gold:   113        SH:  0    Dex: 18    Spells: 3/3 levels left

rFire   . . .        a - +0 shortbow
rCold   . . .        (shield currently unavailable)
rNeg    . . .        b - +0 ring mail
rPois   .            (no helmet)
rElec   .            (no cloak)
rCorr   .            (no gloves)
SInv    .            (no boots)
Will    .....        (no amulet)
Stlth   +            (no ring)
HPRegen 0.24/turn    (no ring)
MPRegen 0.10/turn

%: no passive effects
@: no status effects
A: no striking features
a: no special abilities


You were on level 3 of the Dungeon.
You visited 1 branch of the dungeon, and saw 3 of its levels.

You collected 113 gold pieces.


   Skills:
 - Level 1.5 Fighting
 + Level 7.6 Ranged Weapons
 - Level 2.4 Dodging
 - Level 1.2 Stealth


You had 3 spell levels left.
You didn't know any spells.
Your spell library was empty.

Inventory:

Hand Weapons
 a - a +0 shortbow (weapon)
Armour
 b - a +0 ring mail (worn)
Scrolls
 c - a scroll of teleportation {unknown}
Potions
 d - a potion of mutation
 e - a potion of heal wounds {unknown}
 f - a potion of curing
 g - a potion of haste {unknown}
 j - a potion of resistance {unknown}

Dungeon Overview and Level Annotations

Branches:
Dungeon (3/15)

Altars:

Annotations:
D:3 Grinder


Message History

You shoot an arrow. The arrow barely misses Grinder.
Grinder barely misses you.
You shoot an arrow. The arrow barely misses Grinder.
Grinder closely misses you.
You shoot an arrow. The arrow hits Grinder.
Grinder is lightly wounded.
Grinder hits you.
You writhe in agony.
You shoot an arrow. The arrow hits Grinder!
Grinder is moderately wounded.
Grinder barely misses you. Grinder gestures at you.
You resist with significant effort.
You shoot an arrow. The arrow barely misses Grinder.
Grinder blinks!
You start resting.
Grinder is nearby!
You shoot an arrow. The arrow barely misses Grinder.
You shoot an arrow. The arrow closely misses Grinder.
You shoot an arrow. The arrow closely misses Grinder.
Grinder hits you but does no damage.
You shoot an arrow.
The arrow hits Grinder but does no damage.
Grinder is moderately wounded.
Grinder gestures at you. You resist with significant effort.
Grinder gestures at you. Pain shoots through your body!
You shoot an arrow. The arrow hits Grinder.
Grinder is heavily wounded.
Grinder barely misses you.
You shoot an arrow. The arrow hits Grinder.
Grinder is heavily wounded.
Grinder hits you but does no damage.
You shoot an arrow. The arrow barely misses Grinder.
Grinder hits you.
You shoot an arrow. The arrow hits Grinder.
Grinder is severely wounded.
Grinder hits you!
You writhe in agony.
You die...
Grinder says, "Now the real fun starts!"

# ##.#.#...###.#
#.%>...## #
####.#.#...###
..............
.......#...### [
.............. ##.#
####.#..###### ..... #
#.#..# ######......
.###.#.)#####...@5..>.#
.##...<.......#########
.....#..#.#####
.....#..#.# ........#.#
.#.#....#.#
........#.####.#
...#...........#
.......##.######


You could see Grinder.

Vanquished Creatures
  An adder (D:3)
  2 ribbon worms (D:2)
  6 bats
  5 endoplasms
  2 giant cockroaches
  7 goblins
  6 hobgoblins
  7 jackals
  2 quokkas
  5 ball pythons
  5 frilled lizards
  7 kobolds
  3 rats
58 creatures vanquished.

Notes
Turn   | Place    | Note
-------+----------+-------------------------------------------
     0 | D:1      | qw the Deep Elf Hunter began the quest for the Orb.
     0 | D:1      | Reached XP level 1. HP: 12/12 MP: 3/3
     0 | D:1      | 0 ||| qw: Version: 0.3-a-160-g6735b56
     0 | D:1      | 0 ||| qw: Game counter: 4425
     0 | D:1      | 0 ||| qw: Melee chars always use a shield: true
     0 | D:1      | 0 ||| qw: God list: Okawaru
     0 | D:1      | 0 ||| qw: Allow faded altars: false
     0 | D:1      | 0 ||| qw: Do Orc after clearing Dungeon:15 true
     0 | D:1      | 0 ||| qw: Do second Lair branch before Depths: true
     0 | D:1      | 0 ||| qw: Lair rune preference: random
     0 | D:1      | 0 ||| qw: Goals: Normal
     0 | D:1      | 0 ||| PLANNING D:1-11
   100 | D:1      | Reached skill level 6 in Ranged Weapons
   100 | D:1      | Reached XP level 2. HP: 16/16 MP: 4/4
   481 | D:1      | 481 ||| READING scroll labelled ZOHEF AHOAR.
   481 | D:1      | 481 ||| IDENTIFYING lumpy cyan potion
   482 | D:1      | 482 ||| READING 2 scrolls labelled XACVAO ZYISEUH.
   583 | D:1      | 583 ||| READING scroll labelled ECESTR NOKK.
   584 | D:1      | 584 ||| DROPPING scroll of butterflies.
   585 | D:1      | 585 ||| DROPPING scroll of vulnerability.
   645 | D:2      | Reached XP level 3. HP: 18/20 MP: 5/5
   646 | D:2      | 646 ||| FLEEEEING.
   647 | D:2      | 647 ||| FLEEEEING.
   881 | D:2      | Reached skill level 7 in Ranged Weapons
  1331 | D:2      | 1331 ||| UPGRADING to +0 ring mail.
  1341 | D:2      | 1341 ||| DROPPING +0 leather armour.
  1342 | D:2      | 1342 ||| DRINKING 2 brown potions.
  1389 | D:3      | Reached XP level 4. HP: 18/25 MP: 6/6
  1541 | D:3      | Noticed Grinder
  1562 | D:3      | HP: 1/25 [Grinder (9)]
  1562 | D:3      | Slain by Grinder

Levels and vault maps discovered:
D:1:      dpeg_arrival_round_b, layout_basic, minmay_shallow_snake_nest
D:2:      minmay_kobold_bridge, layout_loops_ring, grunt_ministairs_2
D:3:      layout_loops_ring, hangedman_decor_lopped, uniq_crazy_yiuf_cottage,
          uniq_grinder

Skill      XL: |  1  2  3 |
---------------+----------+-----
Ranged Weapons | 6 7 |  7.6
Fighting       | |  1.5
Dodging        | |  2.4
Stealth        | |  1.2

Action                     |  1- 3 |  4- 6 || total
---------------------------+-------+-------++-------
   Fire: Shortbow          |   108 |    49 ||   157
    Use: Scroll            |     3 |       ||     3
         Potion            |     1 |       ||     1
 Armour: Leather armour    |    17 |       ||    17
         Ring mail         |     3 |    17 ||    20
  Dodge: Dodged            |    30 |    26 ||    56

Table legend:
 A = Non-vault XP
 B = Vault XP
 C = Vault XP percentage of total XP
 D = Non-vault monster count
 E = Vault monster count
 F = Vault count percentage of total count
                 A         B        C        D         E       F
            +---------+---------+-------+---------+---------+-------
      Total |      99 |      14 |  12.4 |      49 |       9 |  15.5
            +---------+---------+-------+---------+---------+-------
        D:1 |      27 |       5 |  15.6 |      16 |       3 |  15.8
        D:2 |      44 |       9 |  17.0 |      23 |       6 |  20.7
        D:3 |      28 |       0 |   0.0 |      10 |       0 |   0.0
            +---------+---------+-------+---------+---------+-------
